Map: Frostline LE

Players

Electrical

  • Race: Protoss Protoss
  • League: Gold
  • Spawn Location: 7:00

llllllllllll - Winner!

  • Race: Zerg Zerg
  • League: Platinum
  • Spawn Location: 1:00

VOD

Have the link to the VOD?

Description

Time

  • Played on: April 25, 2025, 5:03 a.m.
  • Length: 2:11
Show
View Real Time Build Order
Export as new Build Order

Electrical Protoss 

Build Orders:  

Get SALT Encoding   

  12  0:00  Probe  
  13  0:21  Probe  
  13  0:25  Pylon  
  14  0:35  Probe  
  15  0:44  Probe  
  15  0:45  Gateway  
  16  0:52  Probe  
  17  0:57  Assimilator  
  17  1:02  Probe  
  18  1:14  Probe  
  19  1:23  Zealot  
  21  1:37  Gateway  
  21  1:40  Cybernetics Core  
  21  1:44  Pylon  
Show
View Real Time Build Order
Export as new Build Order

llllllllllll Zerg - Winner!

Build Orders: Pool Only 

Get SALT Encoding   

  12  0:18  Spawning Pool  
  12  0:21  Drone  
  12  0:26  Drone  
  13  0:30  Drone  
  14  0:40  Overlord  
  14  1:04  Zergling x2  
  14  1:05  Zergling x4  
  17  1:18  Zergling x2  
  18  1:28  Zergling x2  
  19  1:38  Zergling x2  
  20  1:52  Zergling x2  
Tags
 
Matchup
PvZ
Opening
Pool Only
Replay Pack
kreditionep2
Spawn Locations
Cross Positions
Add a new tag
Caveats
  • Supply blocks, unpowered buildings, or Contaminate may cause inaccurate times.
  • Supply counts are checked every 10 seconds.